SAAA
PURE MICHIGAN GREAT LAKERS @ VERMONT LAKE MONSTERS
07/20/2034
 
TOP OF THE 1ST
Pure Michigan Great Lakers batting - Pitching for Vermont Lake Monsters : LHP Santiago Pérez
Pitching: LHP Santiago Pérez
Batting: LHB Michael Cochran 0-0: Ball
1-0: Bunt for hit - play at first, batter safe!
Batting: RHB Takashi Miike 0-0: Ball
1-0: Swinging Strike
1-1: SINGLE (Line Drive, 4M)
Michael Cochran to second
Batting: RHB Alco Compagne 0-0: Grounds into double play, 6-4-3 (Groundball, 6)
Michael Cochran to third
Batting: RHB Dan Hendricks 0-0: Ball
1-0: Called Strike
1-1: Ball
2-1: Foul Ball, location: 2F
2-2: Foul Ball, location: 2F
2-2: Ball
3-2: Fly out, F3 (Popup, 3SF)
Top of the 1st over - 0 runs, 2 hits, 0 errors, 1 left on base; Pure Michigan 0 - Vermont 0
BOTTOM OF THE 1ST
Vermont Lake Monsters batting - Pitching for Pure Michigan Great Lakers : RHP Nate Jackson
Pitching: RHP Nate Jackson
Batting: RHB Cosmo Castanhedo 0-0: Ball
1-0: Called Strike
1-1: Ball
2-1: Ball
3-1: Called Strike
3-2: Foul Ball, location: 2F
3-2: Ground out 6-3 (Groundball, 6)
Batting: RHB Ricardo Téllez 0-0: Ball
1-0: Swinging Strike
1-1: SINGLE (Line Drive, 4MD)
Batting: LHB Sébastien Cornu 0-0: Called Strike
0-1: Ball
1-1: Swinging Strike
1-2: Foul Ball, location: 2F
1-2: Ball
2-2: Fly out, F4 (Popup, 4MD)
Batting: RHB Hsi-men King 0-0: Fly out, F7 (Flyball, 7)
Bottom of the 1st over - 0 runs, 1 hit, 0 errors, 1 left on base; Pure Michigan 0 - Vermont 0
TOP OF THE 2ND
Pure Michigan Great Lakers batting - Pitching for Vermont Lake Monsters : LHP Santiago Pérez
Batting: SHB Roger Dorn 0-0: Ball
1-0: Foul Ball, location: 2F
1-1: Ball
2-1: SINGLE (Groundball, 6MD)
Batting: LHB Gilberto Moreno 0-0: Grounds into double play, 4-6-3 (Groundball, 4)
Batting: RHB Harith Karim 0-0: Called Strike
0-1: Called Strike
0-2: SINGLE (Groundball, 56D)
Batting: LHB Dudley Gardner 0-0: Ball
1-0: Fly out, F8 (Flyball, 89D)
Top of the 2nd over - 0 runs, 2 hits, 0 errors, 1 left on base; Pure Michigan 0 - Vermont 0
BOTTOM OF THE 2ND
Vermont Lake Monsters batting - Pitching for Pure Michigan Great Lakers : RHP Nate Jackson
Batting: RHB Jason Slaybaugh 0-0: Ground out 4-3 (Groundball, 4)
Batting: RHB Gabe Cain 0-0: Ball
1-0: Ball
2-0: Called Strike
2-1: Ground out U3 (Groundball, 34S)
Batting: RHB Marcel Roks 0-0: Called Strike
0-1: Ball
1-1: Ball
2-1: SINGLE (Flyball, 7LS)
Batting: RHB Ramón Soto 0-0: DOUBLE (Line Drive, 7LS)
Marcel Roks to third
Runner from 3rd tries for Home, SAFE, no throw
Batting: LHB Manuel Núñez 0-0: Swinging Strike
0-1: Ball
1-1: Ball
2-1: Ball
3-1: Base on Balls
Batting: RHB Cosmo Castanhedo 0-0: Ball
1-0: Called Strike
1-1: Ground out 1-3 (Groundball, P)
Bottom of the 2nd over - 1 run, 2 hits, 0 errors, 2 left on base; Pure Michigan 0 - Vermont 1
TOP OF THE 3RD
Pure Michigan Great Lakers batting - Pitching for Vermont Lake Monsters : LHP Santiago Pérez
Batting: SHB Cyrille Baffi 0-0: DOUBLE (Line Drive, 78D)
Batting: LHB Michael Cochran 0-0: Swinging Strike
0-1: Called Strike
0-2: Ball
1-2: Fly out, F9 (Line Drive, 9D)
Runner from 2nd tags up, SAFE at 3rd, no throw
Batting: RHB Takashi Miike 0-0: Called Strike
0-1: Foul Ball, location: 2F
0-2: Ball
1-2: Strikes out looking
Batting: RHB Alco Compagne 0-0: Foul Ball, location: 2F
0-1: Swinging Strike
0-2: Ball
1-2: Ground out U3 (Groundball, 34)
Top of the 3rd over - 0 runs, 1 hit, 0 errors, 1 left on base; Pure Michigan 0 - Vermont 1
BOTTOM OF THE 3RD
Vermont Lake Monsters batting - Pitching for Pure Michigan Great Lakers : RHP Nate Jackson
Batting: RHB Ricardo Téllez 0-0: Called Strike
0-1: Ground out 1-3 (Groundball, 15S)
Batting: LHB Sébastien Cornu 0-0: Ball
1-0: Called Strike
1-1: Ball
2-1: Called Strike
2-2: Ball
3-2: Ground out U3 (Groundball, 3)
Batting: RHB Hsi-men King 0-0: Fly out, F7 (Flyball, 7)
Bottom of the 3rd over - 0 runs, 0 hits, 0 errors, 0 left on base; Pure Michigan 0 - Vermont 1
TOP OF THE 4TH
Pure Michigan Great Lakers batting - Pitching for Vermont Lake Monsters : LHP Santiago Pérez
Batting: RHB Dan Hendricks 0-0: Ball
1-0: Ball
2-0: Ball
3-0: Base on Balls
Batting: SHB Roger Dorn 0-0: Called Strike
0-1: Ball
1-1: Ball
2-1: Foul Ball, location: 2F
2-2: Ball
3-2: Foul Ball, location: 2F
3-2: Fly out, F9 (Flyball, 9D)
Batting: LHB Gilberto Moreno 0-0: Ball
1-0: Swinging Strike
1-1: Ball
2-1: Ball
3-1: Foul Ball, location: 2F
3-2: Grounds into double play, U6-3 (Groundball, 4MD)
Top of the 4th over - 0 runs, 0 hits, 0 errors, 0 left on base; Pure Michigan 0 - Vermont 1
BOTTOM OF THE 4TH
Vermont Lake Monsters batting - Pitching for Pure Michigan Great Lakers : RHP Nate Jackson
Batting: RHB Jason Slaybaugh 0-0: Ball
1-0: Ball
2-0: Ball
3-0: Called Strike
3-1: SINGLE (Line Drive, 6M)
Batting: RHB Gabe Cain 0-0: Called Strike
0-1: Ball
1-1: Swinging Strike
1-2: Ball
2-2: SINGLE (Flyball, 89M)
Jason Slaybaugh to second
Runner from 2nd tries for 3rd, SAFE, no throw
Batting: RHB Marcel Roks 0-0: Fly out, F9 (Flyball, 9)
Runner from 3rd tags up, SCORES, throw made
Batting: RHB Ramón Soto 0-0: Grounds into double play, 5-4-3 (Groundball, 56)
Bottom of the 4th over - 1 run, 2 hits, 0 errors, 0 left on base; Pure Michigan 0 - Vermont 2
TOP OF THE 5TH
Pure Michigan Great Lakers batting - Pitching for Vermont Lake Monsters : LHP Santiago Pérez
Batting: RHB Harith Karim 0-0: Called Strike
0-1: Ball
1-1: Foul Ball, location: 2F
1-2: Ground out 5-3 (Groundball, 56)
Batting: LHB Dudley Gardner 0-0: Foul Ball, location: 2F
0-1: Ball
1-1: Called Strike
1-2: Ground out 4-3 (Groundball, 4)
Batting: SHB Cyrille Baffi 0-0: Ball
1-0: SINGLE (Groundball, 23) (infield hit)
Batting: LHB Michael Cochran 0-0: Ball
Cyrille Baffi is caught stealing 2nd base
Top of the 5th over - 0 runs, 1 hit, 0 errors, 0 left on base; Pure Michigan 0 - Vermont 2
BOTTOM OF THE 5TH
Vermont Lake Monsters batting - Pitching for Pure Michigan Great Lakers : RHP Nate Jackson
Batting: LHB Manuel Núñez 0-0: Foul Ball, location: 2F
0-1: Ball
1-1: Foul Ball, location: 2F
1-2: Ground out 1-3 (Groundball, 15S)
Batting: RHB Cosmo Castanhedo 0-0: Ground out 3-1 (Groundball, 34)
Batting: RHB Ricardo Téllez 0-0: Ball
1-0: Ball
2-0: Swinging Strike
2-1: Ball
3-1: Base on Balls
Batting: LHB Sébastien Cornu 0-0: Swinging Strike
0-1: Called Strike
0-2: Strikes out swinging
Bottom of the 5th over - 0 runs, 0 hits, 0 errors, 1 left on base; Pure Michigan 0 - Vermont 2
TOP OF THE 6TH
Pure Michigan Great Lakers batting - Pitching for Vermont Lake Monsters : LHP Santiago Pérez
Batting: LHB Michael Cochran 0-0: Foul Ball, location: 2F
0-1: Ground out 4-3 (Groundball, 34)
Batting: RHB Takashi Miike 0-0: Called Strike
0-1: Foul Ball, location: 2F
0-2: Ball
1-2: Ball
2-2: Foul Ball, location: 2F
2-2: Foul Ball, location: 2F
2-2: SINGLE (Flyball, 9S)
Batting: RHB Alco Compagne 0-0: Ball
1-0: Grounds into double play, 5-4-3 (Groundball, 56)
Top of the 6th over - 0 runs, 1 hit, 0 errors, 0 left on base; Pure Michigan 0 - Vermont 2
BOTTOM OF THE 6TH
Vermont Lake Monsters batting - Pitching for Pure Michigan Great Lakers : RHP Nate Jackson
Batting: RHB Hsi-men King 0-0: Ball
1-0: Swinging Strike
1-1: Called Strike
1-2: Strikes out looking
Batting: RHB Jason Slaybaugh 0-0: Ball
1-0: DOUBLE (Line Drive, 7LD)
Batting: RHB Gabe Cain 0-0: Foul Ball, location: 2F
0-1: TRIPLE (Flyball, 9LD)
Jason Slaybaugh scores
Batting: RHB Marcel Roks 0-0: Called Strike
0-1: Foul Ball, location: 2F
0-2: Ball
1-2: Ball
2-2: Foul Ball, location: 2F
2-2: Foul Ball, location: 2F
2-2: Foul Ball, location: 2F
2-2: Ball
3-2: Ground out 5-3 (Groundball, 56)
Batting: RHB Ramón Soto 0-0: Swinging Strike
0-1: Foul Ball, location: 2F
0-2: Foul Ball, location: 2F
0-2: Ball
1-2: Foul Ball, location: 2F
1-2: Ball
2-2: Fly out, F7 (Flyball, 7D)
Bottom of the 6th over - 1 run, 2 hits, 0 errors, 1 left on base; Pure Michigan 0 - Vermont 3
TOP OF THE 7TH
Pure Michigan Great Lakers batting - Pitching for Vermont Lake Monsters : LHP Santiago Pérez
Now at 3B: David Sánchez
Batting: RHB Dan Hendricks 0-0: Called Strike
0-1: Foul Ball, location: 2F
0-2: Ball
1-2: Strikes out swinging
Batting: SHB Roger Dorn 0-0: Foul Ball, location: 2F
0-1: Ball
1-1: Ball
2-1: Ground out 4-3 (Groundball, 34D)
Batting: LHB Gilberto Moreno 0-0: Ball
1-0: Called Strike
1-1: Ball
2-1: Fly out, F7 (Flyball, 7D)
Top of the 7th over - 0 runs, 0 hits, 0 errors, 0 left on base; Pure Michigan 0 - Vermont 3
BOTTOM OF THE 7TH
Vermont Lake Monsters batting - Pitching for Pure Michigan Great Lakers : RHP Nate Jackson
Batting: LHB Manuel Núñez 0-0: Foul Ball, location: 2F
0-1: DOUBLE (Line Drive, 8RXD)
Batting: RHB Cosmo Castanhedo 0-0: Ball
1-0: Ball
2-0: Called Strike
2-1: Ball
3-1: Base on Balls
Batting: RHB Ricardo Téllez 0-0: Called Strike
0-1: Called Strike
0-2: Foul Ball, location: 2F
0-2: Ball
1-2: Grounds into double play, 1-6-3 (Groundball, 13S)
Manuel Núñez to third
Batting: LHB Sébastien Cornu 0-0: Intentional Walk
Batting: RHB Hsi-men King 0-0: Called Strike
0-1: Ball
1-1: Ball
2-1: Fly out, F8 (Line Drive, 8LM)
Bottom of the 7th over - 0 runs, 1 hit, 0 errors, 2 left on base; Pure Michigan 0 - Vermont 3
TOP OF THE 8TH
Pure Michigan Great Lakers batting - Pitching for Vermont Lake Monsters : LHP Santiago Pérez
Pitching: RHP Tim Sandaele
Now at C: Tullu Amaad
Batting: RHB Harith Karim 0-0: Called Strike
0-1: Ball
1-1: Ball
2-1: Swinging Strike
2-2: Strikes out swinging
Batting: LHB Dudley Gardner 0-0: Ball
1-0: Called Strike
1-1: Foul Ball, location: 2F
1-2: Ball
2-2: Ball
3-2: Strikes out looking
Batting: SHB Cyrille Baffi 0-0: Bunt for hit - play at first, batter OUT! 1-3
Top of the 8th over - 0 runs, 0 hits, 0 errors, 0 left on base; Pure Michigan 0 - Vermont 3
BOTTOM OF THE 8TH
Vermont Lake Monsters batting - Pitching for Pure Michigan Great Lakers : RHP Nate Jackson
Batting: RHB Jason Slaybaugh 0-0: Called Strike
0-1: Ball
1-1: Swinging Strike
1-2: Strikes out swinging
Pitching: RHP Joseph Merle
Batting: RHB Gabe Cain 0-0: Called Strike
0-1: Foul Ball, location: 2F
0-2: Strikes out looking
Batting: RHB David Sánchez 0-0: Called Strike
0-1: Fly out, F7 (Line Drive, 7)
Bottom of the 8th over - 0 runs, 0 hits, 0 errors, 0 left on base; Pure Michigan 0 - Vermont 3
TOP OF THE 9TH
Pure Michigan Great Lakers batting - Pitching for Vermont Lake Monsters : RHP Tim Sandaele
Batting: LHB Michael Cochran 0-0: Swinging Strike
0-1: Swinging Strike
0-2: Ground out 1-3 (Groundball, 13S)
Batting: RHB Takashi Miike 0-0: Ball
1-0: Swinging Strike
1-1: Ball
2-1: Ball
3-1: Base on Balls
Batting: RHB Alco Compagne 0-0: Called Strike
0-1: Foul Ball, location: 2F
0-2: Ball
1-2: Ball
2-2: Foul Ball, location: 2F
2-2: Fly out, F9 (Flyball, 9S)
Batting: RHB Dan Hendricks 0-0: Called Strike
0-1: Ball
1-1: Reached on error, E4 (Groundball, 4)
Takashi Miike to third
Batting: SHB Roger Dorn 0-0: Called Strike
0-1: Ball
1-1: Foul Ball, location: 2F
1-2: Strikes out swinging
Top of the 9th over - 0 runs, 0 hits, 1 error, 2 left on base; Pure Michigan 0 - Vermont 3
Friday, March 29th, 2019 - OOTP Baseball 18.8 Build 76